 Dungeon Crawl Stone Soup version 0.30-b1-2-g02819fbbbe (webtiles) character file.

Game seed: 7523848632219605445

767 monsoonserge the Cudgeller (level 7, -7/53 (56) HPs)
             Began as a Gnoll Reaver on May 3, 2023.
             Mangled by a gnoll bouda
             ... wielding a +1 whip of venom
              (10 damage)
             ... on level 4 of the Dungeon.
             The game lasted 00:17:49 (3853 turns).

monsoonserge the Cudgeller (Gnoll Reaver)           Turns: 3853, Time: 00:17:49

HP:   -7/53 (56)    AC:  6    Str: 12    XL:     7   Next: 82%
MP:   8/15          EV: 20    Int: 17    God:
Gold: 201           SH:  0    Dex: 17    Spells: 8/17 levels left

rFire   . . .        b - +4 rapier (freeze)
rCold   + + .        (no shield)
rNeg    . . .        A - +1 robe {Will+}
rPois   .            (no helmet)
rElec   .            o - +0 cloak
rCorr   .            q - +0 pair of gloves "Deikewaf" {Dex+3}
SInv    .            h - +0 pair of boots
Will    +....        (no amulet)
Stlth   ++           j - ring of Rationality {EV+5 Int+5}
HPRegen 0.28/turn    (no ring)
MPRegen 0.14/turn

%: no passive effects
@: lethally poisoned (-7 -> -10), on blink cooldown, immotile, drained
A: fangs 1, strong nose, distributed training, agile 1, cold resistance 2,
MP-powered wands
a: no special abilities


You were on level 4 of the Dungeon.
You visited 1 branch of the dungeon, and saw 5 of its levels.

You collected 201 gold pieces.

Inventory:

Hand Weapons
 a - a +0 mace
 b - a +4 rapier of freezing (weapon)
 p - a +0 war axe
Missiles
 d - 3 boomerangs (quivered)
 m - 2 throwing nets
 w - 3 boomerangs of dispersal
Armour
 h - a +0 pair of boots (worn)
 o - a +0 cloak (worn)
 q - the +0 pair of gloves "Deikewaf" (worn) {Dex+3}
   (You found it on level 3 of the Dungeon)

   Dex:       It affects your dexterity (+3).
 A - a +1 robe of willpower (worn)
Jewellery
 g - an amulet of faith
 j - the ring of Rationality (left hand) {EV+5 Int+5}
   (You found it on level 2 of the Dungeon)

   [ring of evasion]

   EV:        It affects your evasion (+5).
   Int:       It affects your intelligence (+5).
Wands
 r - a wand of digging (2)
 z - a wand of flame (23)
Scrolls
 c - 3 scrolls of fog {unknown}
 e - a scroll of enchant armour {unknown}
 f - a scroll of immolation {unknown}
 k - a scroll of amnesia {unknown}
 n - a scroll of torment {unknown}
 s - 3 scrolls of identify {unknown}
 t - a scroll of teleportation {unknown}
 v - a scroll of summoning {unknown}
 x - a scroll of vulnerability {unknown}
 y - a scroll of magic mapping {unknown}
Potions
 i - a potion of curing {unknown}
 l - a potion of mutation
 u - a potion of magic {unknown}
 B - a potion of berserk rage {unknown}


   Skills:
 + Level 5.4 Fighting
 + Level 2.8 Short Blades
 + Level 2.8 Long Blades
 + Level 2.8 Axes
 + Level 7.2 Maces & Flails
 + Level 2.8 Polearms
 + Level 2.8 Staves
 + Level 2.8 Ranged Weapons
 + Level 2.8 Throwing
 + Level 2.8 Armour
 + Level 5.4 Dodging
 + Level 2.8 Stealth
 + Level 2.8 Shields
 + Level 2.8 Unarmed Combat
 + Level 5.8 Spellcasting
 + Level 6.0 Conjurations
 + Level 2.3 Hexes
 + Level 2.3 Summonings
 + Level 2.3 Necromancy
 + Level 2.3 Translocations
 + Level 2.3 Transmutations
 + Level 2.3 Fire Magic
 + Level 2.3 Ice Magic
 + Level 2.3 Air Magic
 + Level 2.3 Earth Magic
 + Level 2.3 Poison Magic
 + Level 3.1 Invocations
 + Level 2.8 Evocations


You had 8 spell levels left.
You knew the following spells:

 Your Spells              Type           Power      Damage    Failure   Level
a - Kiss of Death         Conj/Necr      76%        2d11      2%          1
b - Momentum Strike       Conj/Tloc      38%        3d9       3%          2
c - Hailstorm             Conj/Ice       19%        3d6       7%          3
d - Blink                 Tloc           24%        N/A       8%          2
e - Slow                  Hex            48%        N/A       4%          1

Your spell library contained the following spells:

 Spells                   Type           Power      Damage    Failure   Level
 Lesser Beckoning         Tloc           24%        N/A       8%          2
 Confusing Touch          Hex            12%        N/A       16%         3
 Vampiric Draining        Necr           12%        2d6       16%         3
 Olgreb's Toxic Radiance  Pois           12%        N/A       45%         4
 Discord                  Hex            6%         N/A       100%        8
 Ignition                 Fire           6%         3d4       100%        8


Dungeon Overview and Level Annotations

Branches:
Dungeon (5/15)
 Temple: D:4-7

Altars:
Makhleb
Yredelemnul


Innate Abilities, Weirdness & Mutations

You have very sharp teeth.
Your uncanny sense of smell can sniff out nearby items.
Your experience applies equally to all skills.
You are agile. (Dex +4, Str/Int -1)
Your flesh is very cold resistant. (rC++)
You expend magic power (3 MP) to strengthen your wands.


Message History

You bite the gnoll bouda, but do no damage.
The gnoll bouda is lightly wounded.
You feel very sick. The gnoll barely misses you. The gnoll bouda misses you.
You hit the gnoll bouda. You freeze the gnoll bouda.
The gnoll bouda is moderately wounded.
You feel very sick. The gnoll hits you with a +0 whip.
* * * LOW HITPOINT WARNING * * *
The gnoll bouda closely misses you.
Casting: Blink (safe; 8% risk of failure)
Confirm with . or Enter, or press ? or * to list all spells.
You blink.
You feel sick.
Casting: Blink (safe; 8% risk of failure)
Confirm with . or Enter, or press ? or * to list all spells.
Okay, then.
Okay, then.
Casting: Blink (safe; 8% risk of failure)
Confirm with . or Enter, or press ? or * to list all spells.
Okay, then.
Casting: Blink (safe; 8% risk of failure)
Confirm with . or Enter, or press ? or * to list all spells.
Okay, then.
Casting: Blink (safe; 8% risk of failure)
Confirm with . or Enter, or press ? or * to list all spells.
Aiming: Momentum Strike (safe; 3% risk of failure)
Press: ? - help, Dir - move target, f - gnoll bouda
Aim: a gnoll bouda, wielding a +1 whip of venom and wearing a +0 robe (moderately wounded, 75% to hit)
The concentrated momentum hits the gnoll bouda!
The gnoll bouda is heavily wounded.
You are unable to move.
You feel sick.
The gnoll is no longer moving quickly.
Press: ? - help, v - describe, . - travel
Here: a gnoll bouda, wielding a +1 whip of venom and wearing a +0 robe (heavily wounded)
The floor.
You barely miss the gnoll bouda.
The gnoll bouda is heavily wounded.
You feel sick. The gnoll hits you with a +0 whip.
* * * LOW HITPOINT WARNING * * *
The gnoll bouda hits you with a +1 whip of venom!
You die...

........# #................
........# #........#####..)
........# #........# #...
........# #........# #...
######### #........# #### #
############........######
######........................#
#....#..............##........#
#....#.........g@...##........#
#....#..........g...##....#...#
#....#........§.....##....##..###
#...[#..............##....##''##.
#....#..............##....#8..P##
.....'.................#####__##.
#....#..............##.# #⌠⌠#..
.......................########..
######..............#.......##...


You could see a gnoll bouda and a gnoll.

Vanquished Creatures
  Grinder (D:3)
  Duvessa (D:5)
  A phantom (D:5)
  Dowan (D:5)
  A howler monkey (D:4)
  2 orc priests
  A jelly (D:5)
  A sleepcap (D:4)
  3 orc wizards
  4 adders
  2 gnolls
  3 worms
  2 dart slugs
  8 orcs
  5 ball pythons
  4 endoplasms
  3 giant cockroaches
  3 goblins
  3 hobgoblins
  2 jackals (D:1)
  3 kobolds
  A quokka (D:4)
  3 bats
  6 frilled lizards
  11 rats
75 creatures vanquished.

Notes
Turn   | Place    | Note
-------+----------+-------------------------------------------
     0 | D:1      | monsoonserge the Gnoll Reaver began the quest for the Orb.
     0 | D:1      | Reached XP level 1. HP: 20/20 MP: 6/6
    73 | D:1      | Reached XP level 2. HP: 23/26 MP: 7/7
   700 | D:2      | Reached skill level 5 in Spellcasting
   700 | D:2      | Reached skill level 1 in Invocations
   700 | D:2      | Reached XP level 3. HP: 24/31 MP: 7/9
   709 | D:1      | Reached skill level 1 in Short Blades
   709 | D:1      | Reached skill level 1 in Long Blades
   709 | D:1      | Reached skill level 1 in Axes
   709 | D:1      | Reached skill level 1 in Polearms
   709 | D:1      | Reached skill level 1 in Staves
   709 | D:1      | Reached skill level 1 in Ranged Weapons
   709 | D:1      | Reached skill level 1 in Throwing
   709 | D:1      | Reached skill level 1 in Armour
   709 | D:1      | Reached skill level 1 in Stealth
   709 | D:1      | Reached skill level 1 in Shields
   709 | D:1      | Reached skill level 1 in Unarmed Combat
   709 | D:1      | Reached skill level 1 in Evocations
   709 | D:1      | Reached XP level 4. HP: 16/36 MP: 8/11
   712 | D:1      | Learned a level 2 spell: Momentum Strike
   865 | D:1      | Reached skill level 1 in Hexes
   865 | D:1      | Reached skill level 1 in Summonings
   865 | D:1      | Reached skill level 1 in Necromancy
   865 | D:1      | Reached skill level 1 in Translocations
   865 | D:1      | Reached skill level 1 in Transmutations
   865 | D:1      | Reached skill level 1 in Fire Magic
   865 | D:1      | Reached skill level 1 in Ice Magic
   865 | D:1      | Reached skill level 1 in Air Magic
   865 | D:1      | Reached skill level 1 in Earth Magic
   865 | D:1      | Reached skill level 1 in Poison Magic
  1148 | D:2      | Reached XP level 5. HP: 25/35 MP: 12/12
  1302 | D:2      | Gained mutation: Your flesh is cold resistant. (rC+)
                  | [potion of mutation]
  1302 | D:2      | Gained mutation: You are agile. (Dex +4, Str/Int -1)
                  | [potion of mutation]
  1302 | D:2      | Gained mutation: You expend magic power (3 MP) to
                  | strengthen your wands. [potion of mutation]
  1302 | D:2      | Gained mutation: Your flesh is very cold resistant. (rC++)
                  | [potion of mutation]
  1497 | D:2      | Learned a level 3 spell: Hailstorm
  1617 | D:2      | Identified the ring of Rationality {EV+5 Int+5}
  1853 | D:2      | Found a faded altar of an unknown god.
  2038 | D:3      | Identified the +0 pair of gloves "Deikewaf" {Dex+3}
  2213 | D:3      | Noticed Grinder
  2298 | D:3      | Paralysed by Grinder for 4 turns
  2302 | D:3      | Killed Grinder
  2303 | D:3      | Reached skill level 5 in Fighting
  2303 | D:3      | Reached skill level 5 in Dodging
  2303 | D:3      | Reached XP level 6. HP: 20/51 MP: 12/14
  2619 | D:4      | Reached skill level 7 in Maces & Flails
  2619 | D:4      | Reached XP level 7. HP: 56/56 MP: 15/15
  2828 | D:4      | Learned a level 2 spell: Blink
  2904 | D:4      | Learned a level 1 spell: Slow
  2939 | D:4      | Found a burning altar of Makhleb.
  2939 | D:4      | Found a basalt altar of Yredelemnul.
  3355 | D:5      | Entered Level 5 of the Dungeon
  3355 | D:5      | Noticed Duvessa
  3355 | D:5      | Noticed Dowan
  3410 | D:5      | Killed Duvessa
  3507 | D:5      | Killed Dowan
  3853 | D:4      | Mangled by a gnoll bouda

Illustrated notes

Levels and vault maps discovered:
D:1:      onia_arrival_handbag, layout_basic
D:2:      cheibrodos_pilgrimage, layout_rooms, basic_ecumenical_altar
D:3:      layout_rooms, uniq_grinder
D:4:      layout_basic, gammafunk_temple_overflow_wave
D:5:      gammafunk_steamed_eel, layout_basic,
          minmay_temple_entry_enclosed_plants, minmay_shop_mass, uniq_duvessa

Skill      XL: |  1  2  3  4  5  6  7 |
---------------+----------------------+-----
Spellcasting   | 5 |  5.8
Invocations    | 1 2 3 |  3.1
Short Blades   | 1 2 |  2.8
Long Blades    | 1 2 |  2.8
Axes           | 1 2 |  2.8
Polearms       | 1 2 |  2.8
Staves         | 1 2 |  2.8
Ranged Weapons | 1 2 |  2.8
Throwing       | 1 2 |  2.8
Armour         | 1 2 |  2.8
Stealth        | 1 2 |  2.8
Shields        | 1 2 |  2.8
Unarmed Combat | 1 2 |  2.8
Evocations     | 1 2 |  2.8
Hexes          | 1 2 |  2.3
Summonings     | 1 2 |  2.3
Necromancy     | 1 2 |  2.3
Translocations | 1 2 |  2.3
Transmutations | 1 2 |  2.3
Fire Magic     | 1 2 |  2.3
Ice Magic      | 1 2 |  2.3
Air Magic      | 1 2 |  2.3
Earth Magic    | 1 2 |  2.3
Poison Magic   | 1 2 |  2.3
Fighting       | 5 |  5.4
Dodging        | 5 |  5.4
Maces & Flails | 7 |  7.2
Conjurations   | 6 |  6.0

Action                     |  1- 3 |  4- 6 |  7- 9 || total
---------------------------+-------+-------+-------++-------
  Melee: Mace              |    54 |    82 |       ||   136
         Bite              |     7 |    10 |    11 ||    28
         Punch             |     1 |       |     1 ||     2
         War axe           |       |    35 |    48 ||    83
         Rapier            |       |       |     8 ||     8
  Throw: Boomerang         |    19 |    26 |    26 ||    71
   Cast: Kiss of Death     |     1 |     4 |     2 ||     7
         Momentum Strike   |       |     3 |     1 ||     4
         Blink             |       |       |     2 ||     2
         Slow              |       |       |     1 ||     1
         Hailstorm         |       |       |     1 ||     1
    Use: Potion            |       |     4 |       ||     4
   Stab: Sleeping          |       |     4 |     1 ||     5
 Armour: Leather armour    |    12 |    25 |     3 ||    40
         Robe              |       |       |     3 ||     3
  Dodge: Dodged            |    18 |    94 |    72 ||   184
